 Dungeon Crawl Stone Soup version 0.25.0-1-g7eea58d (webtiles) character file.

Game seed: 124216835201978789

54587 yaymichael the Impaler (level 15, 0/121 HPs)
             Began as a Formicid Fighter on June 14, 2020.
             Was the Champion of the Shining One.
             Slain by a dire elephant (11 damage)
             ... on level 6 of the Lair of Beasts.
             The game lasted 01:16:03 (24662 turns).

yaymichael the Impaler (Formicid Fighter)          Turns: 24662, Time: 01:16:04

Health: 0/121      AC: 13    Str: 24    XL:     15   Next: 14%
Magic:  2/22       EV: 13    Int: 10    God:    the Shining One [******]
Gold:   1409       SH: 23    Dex: 17    Spells: 16/24 levels left

rFire    . . .     SeeInvis +   m - +5 halberd
rCold    . . .     Gourm    .   c - +1 kite shield
rNeg     + + +     Faith    .   y - +0 swamp dragon scales
rPois    +         Spirit   .   (helmet unavailable)
rElec    .         Reflect  .   (no cloak)
rCorr    .         Harm     .   L - +0 pair of gloves
MR       +....                  H - +1 pair of boots
Stlth    +.........             s - amulet of the acrobat
HPRegen  0.30/turn              q - +4 ring of slaying
MPRegen  0.18/turn              z - +6 ring of dexterity

@: divine shield, glowing
A: permanent stasis, dig shafts and tunnels, four strong arms, antennae 3
a: Dig, Shaft Self, Divine Shield, Cleansing Flame, Summon Divine Warrior, Brand
Weapon With Holy Wrath, Renounce Religion


You were on level 6 of the Lair of Beasts.
You worshipped the Shining One.
The Shining One was exalted by your worship.
You were very hungry.

You visited 3 branches of the dungeon, and saw 19 of its levels.
You also visited: Sewer, Ossuary, Ice Cave and Volcano.

You collected 1879 gold pieces.
You spent 470 gold pieces at shops.

Inventory:

Hand Weapons
 b - a +4 halberd of freezing
 m - a +5 halberd (weapon)
 o - a +0 great sword of flaming
 r - a +2 war axe of flaming
 F - a +0 great sword
Missiles
 h - 63 poisoned darts (quivered)
 x - 282 arrows
Armour
 c - a +1 kite shield (worn)
 d - a +0 tower shield
 t - the +1 chain mail of Ekupluz {Int+3 Dex+4}
   (You found it on level 3 of the Lair of Beasts)

   It affects your intelligence (+3).
   It affects your dexterity (+4).
 y - +0 swamp dragon scales (worn)
 H - a +1 pair of boots (worn)
 L - a +0 pair of gloves (worn)
 P - a +3 leather armour of fire resistance
 U - a scarf of resistance
 V - the cursed +0 robe of a ziggurat {Str+4, unknown}
   (You found it on level 6 of the Lair of Beasts)

   It affects your strength (+4).
   It has a curse placed upon it.
Jewellery
 g - the ring "Wuteij" {rF++ Str+6}
   (You acquired it on level 2 of the Lair of Beasts)

   [ring of strength]

   It affects your strength (+6).
   It greatly protects you from fire.
 p - an uncursed ring of stealth
 q - a +4 ring of slaying (left hand)
 s - an amulet of the acrobat (around neck)
 v - a +6 ring of intelligence
 w - an uncursed amulet of faith {unknown}
 z - a +6 ring of dexterity (right hand)
 K - an uncursed ring of protection from magic
 N - an uncursed ring of flight
 R - an uncursed amulet of regeneration {unknown}
 S - an uncursed ring of fire
 T - an uncursed ring of wizardry
Wands
 a - a wand of iceblast (6)
 A - a wand of paralysis (8)
 B - a wand of polymorph (19)
 J - a wand of acid (10)
 Q - a wand of enslavement (14)
Scrolls
 u - a scroll of magic mapping
 C - 3 scrolls of remove curse
 G - 5 scrolls of amnesia
Potions
 e - 4 potions of flight
 i - 2 potions of curing
 k - 2 potions of resistance
 l - 3 potions of lignification
 n - 6 potions of brilliance
 D - 5 potions of mutation
 E - a potion of ambrosia
 I - 2 potions of cancellation
 M - 3 potions of stabbing
 O - 3 potions of magic {unknown}
Miscellaneous
 j - a lightning rod (3/4)
Comestibles
 f - 18 rations


   Skills:
 * Level 12.3 Fighting
 - Level 2.7(11.0) Axes
 - Level 15.9(16.0) Polearms
 - Level 0.3 Throwing
 * Level 9.2 Armour
 - Level 3.7 Dodging
 - Level 0.5 Stealth
 - Level 9.0 Shields
 * Level 5.1 Spellcasting
 * Level 5.5 Earth Magic
 * Level 9.1 Invocations
 - Level 4.6 Evocations


You had 16 spell levels left.
You knew the following spells:

 Your Spells              Type           Power        Failure   Level  Hunger
a - Petrify               Tmut/Erth      #.......     71%         4    ####...
b - Call Canine Familiar  Summ           #.......     67%         3    ###....
c - Apportation           Tloc           #.....       32%         1    None

Your spell library contained the following spells:

 Spells                   Type           Power        Failure   Level  Hunger
 Animate Skeleton         Necr           N/A          32%         1    None
 Corona                   Hex            #......      32%         1    None
 Summon Small Mammal      Summ           #...         32%         1    None
 Call Imp                 Summ           #.......     43%         2    ##.....
 Corpse Rot               Necr/Air       N/A          43%         2    ##.....
 Sublimation of Blood     Necr           #.........   43%         2    ##.....
 Confusing Touch          Hex            #.......     67%         3    ###....
 Gell's Gravitas          Tloc           #.........   67%         3    ###....
 Recall                   Summ/Tloc      N/A          67%         3    ###....
 Summon Guardian Golem    Hex/Summ       #.......     67%         3    ###....
 Borgnjor's Vile Clutch   Necr/Erth      #.........   96%         5    ######.
 Animate Dead             Necr           N/A          97%         4    ####...
 Dispel Undead            Necr           #.......     97%         4    ####...
 Summon Ice Beast         Ice/Summ       #.......     97%         4    ####...
 Summon Lightning Spire   Summ/Air       #.......     97%         4    ####...
 Agony                    Necr           #.......     100%        5    ######.
 Excruciating Wounds      Chrm/Necr      #.........   100%        5    ######.
 Metabolic Englaciation   Hex/Ice        #.........   100%        5    ######.
 Yara's Violent Unravell  Hex/Tmut       #.........   100%        5    ######.
 Death Channel            Necr           #.........   100%        6    #######
 Simulacrum               Ice/Necr       #.........   100%        6    #######


Dungeon Overview and Level Annotations

Branches:
Dungeon (12/15)            Temple (1/1) D:7            Lair (6/6) D:11
 Shoals (0/4) Lair:4       Spider (0/4) Lair:3        Slime (0/5) Lair:5
    Orc (0/2) D:9           Sewer (visited)         Ossuary (visited)
  IceCv (visited)         Volcano (visited)

Altars:
Ashenzari
Cheibriados
Dithmenos
Elyvilon
Fedhas
Gozag
Hepliaklqana
Kikubaaqudgha
Makhleb
Nemelex Xobeh
Okawaru
Qazlal
Ru
Sif Muna
Trog
Uskayaw
Vehumet
Wu Jian
Xom
Yredelemnul
Zin
The Shining One

Shops:
D:4 (   D:7 (   D:8 }[(:


Innate Abilities, Weirdness & Mutations

You cannot be hasted, slowed, berserked, paralysed or teleported.
You can dig through walls and to a lower floor.
Your four strong arms can wield two-handed weapons with a shield.
You have a pair of large antennae on your head. (SInv)


Message History

The golden flame engulfs the dire elephant!
The dire elephant is moderately wounded.
You feel somewhat more hungry. You block the dire elephant's attack.
The dire elephant trunk-slaps you but does no damage.
Your angel hits the dire elephant with a +1 whip of holy wrath.
Your angel hits the dire elephant but does no damage.
You block the dire elephant's attack. The dire elephant trunk-slaps you.
* * * LOW HITPOINT WARNING * * *
The dire elephant tramples your angel.
Your angel holds its ground!
The dire elephant trunk-slaps your angel.
You feel better.
Your angel hits the dire elephant with a +1 whip of holy wrath. x2
You block the dire elephant's attack. The dire elephant trunk-slaps you!
* * * LOW HITPOINT WARNING * * *
The dire elephant tramples your angel!
Your angel holds its ground!
The dire elephant barely misses your angel.
Your angel hits the dire elephant with a +1 whip of holy wrath!
Your angel hits the dire elephant but does no damage.
You block the dire elephant's attack. The dire elephant trunk-slaps you!
You die...

########## ##### #########''##'##
....##...###$...##≈≈P##8..Y.#8Y.#
....'.....#[$...'≈≈≈..†.....#...#
##P.#.....#}(...'≈≈≈≈.#8.####.#.#
.####.....##[...#≈≈≈≈P####....#'#
....#.....#######.≈≈≈≈#.Y..####..
###÷###..###...###(≈###.#### #..
♣##...#####8.⌠.8#####...###♣♣##..
..###.÷......YAY@YYY..###....♣###
...♣########'''########♣.......♣♣
.......#.........................
............................###.P
.............#................###
............##.P............###
............###..............#
............##..............##
............#...............#


You could see 5 dire elephants and a friendly angel (summoned).

Vanquished Creatures
  Rupert (D:12)
  Frances (D:12)
  Kirke (D:12)
  Snorg (Lair:6)
  5 hydras
  An anaconda (Lair:6)
  6 two-headed ogres
  6 death yaks (Lair:4)
  An unseen horror (D:12)
  4 oklob plants (Lair:5)
  A cyclops (D:6)
  2 ugly things
  2 salamanders (Volcano)
  17 elephants
  3 black mambas
  A gargoyle (D:12)
  15 spiny frogs
  A torpor snail (Lair:5)
  2 ice statues (IceCv)
  2 rime drakes (IceCv)
  8 komodo dragons
  Maggie (D:8)
  3 hornets
  8 hippogriffs
  A shadow (D:11)
  Sigmund (D:3)
  3 fire bats (Volcano)
  16 yaks
  A hog (D:12)
  3 hungry ghosts
  2 steam dragons (D:10)
  14 water moccasins
  7 orc warriors
  3 porcupines
  Purgy (Sewer)
  15 ice beasts
  3 sky beasts
  An eye of draining (D:9)
  3 phantoms
  A necrophage (D:10)
  8 wolves (Lair:1)
  A centaur (D:8)
  9 ogres
  6 crocodiles
  2 big kobolds
  23 bullfrogs
  A gnoll sergeant (D:9)
  A wyvern skeleton (D:9)
  9 scorpions
  11 killer bees
  3 wights (D:9)
  6 electric eels
  2 howler monkeys
  A crimson imp (D:11)
  4 centaur zombies
  3 hounds
  A quasit (D:6)
  2 human zombies (Ossuary)
  5 jellies
  12 orc priests
  2 bullfrog skeletons
  2 centaur skeletons
  Terence (D:3)
  Jessica (D:3)
  An iguana (D:6)
  Natasha (D:3)
  9 orc wizards
  14 worker ants
  3 killer bee zombies
  A big kobold zombie (Ossuary)
  3 mummies (Ossuary)
  9 adders
  12 gnolls
  5 scorpion zombies (Ossuary)
  3 river rats (D:3)
  6 shadow imps
  12 white imps (Lair:4)
  An adder zombie (D:5)
  An ooze (D:2)
  2 adder skeletons
  5 worms
  3 dart slugs
  4 leopard geckos
  49 orcs
  2 ball pythons
  9 giant cockroaches
  A gnoll zombie (Ossuary)
  6 goblins
  12 hobgoblins
  3 jackals (D:9)
  2 quokkas
  13 bats
  6 frilled lizards
  A goblin zombie (Ossuary)
  4 hobgoblin zombies (Ossuary)
  22 kobolds
  2 kobold zombies (Ossuary)
  2 leopard gecko skeletons
  2 orc zombies (Ossuary)
  9 rats
  8 plants (Lair:6)
532 creatures vanquished.

Vanquished Creatures (collateral kills)
  2 ice dragons (IceCv)
2 creatures vanquished.

Vanquished Creatures (others)
  2 scorpions (Ossuary)
  A worker ant (D:12)
  A goblin zombie (Ossuary)
  3 fungi
  5 plants
12 creatures vanquished.

Grand Total: 546 creatures vanquished

Notes
Turn   | Place    | Note
-------+----------+-------------------------------------------
     0 | D:1      | yaymichael the Formicid Fighter began the quest for the
                  | Orb.
     0 | D:1      | Reached XP level 1. HP: 18/18 MP: 1/1
   228 | D:1      | Reached XP level 2. HP: 22/24 MP: 2/2
   416 | D:1      | Found a glowing golden altar of the Shining One.
   497 | D:1      | Became a worshipper of the Shining One
   581 | D:1      | Reached XP level 3. HP: 26/29 MP: 3/3
  1133 | D:2      | Reached XP level 4. HP: 37/37 MP: 4/4
  1203 | D:2      | Found an opulent altar of Gozag.
  1204 | D:2      | Found a glowing silver altar of Zin.
  1205 | D:2      | Found a burning altar of Makhleb.
  1358 | D:2      | Reached skill level 1 in Polearms
  1487 | D:2      | Reached XP level 5. HP: 28/42 MP: 5/5
  1660 | D:2      | Found an iron altar of Okawaru.
  2102 | D:3      | Noticed Sigmund
  2107 | D:3      | Reached skill level 2 in Polearms
  2111 | D:3      | Killed Sigmund
  2111 | D:3      | Reached skill level 3 in Polearms
  2111 | D:3      | Reached skill level 5 in Shields
  2111 | D:3      | Reached XP level 6. HP: 27/49 MP: 6/6
  2115 | D:3      | Noticed Terence
  2123 | D:3      | Killed Terence
  2300 | D:3      | Found a glowing drain.
  2304 | D:3      | Reached XP level 7. HP: 55/55 MP: 7/7
  2312 | Sewer    | Entered a sewer
  2312 | Sewer    | Reached * piety under the Shining One
  2352 | Sewer    | Noticed Purgy
  2360 | Sewer    | Killed Purgy
  2360 | Sewer    | Reached skill level 4 in Polearms
  2537 | D:3      | Noticed Natasha
  2541 | D:3      | Killed Natasha
  2672 | D:3      | Noticed Jessica
  2673 | D:3      | Killed Jessica
  2840 | D:3      | Found a white marble altar of Elyvilon.
  3122 | D:4      | Reached skill level 5 in Polearms
  3378 | D:4      | Reached skill level 1 in Dodging
  3394 | D:4      | Found a sacrificial altar of Ru.
  3407 | D:4      | Found a sand-covered staircase.
  3418 | Ossuary  | Entered an ossuary
  3430 | Ossuary  | Reached skill level 1 in Evocations
  3430 | Ossuary  | Reached XP level 8. HP: 61/61 MP: 8/8
  3451 | Ossuary  | Reached skill level 5 in Fighting
  3453 | Ossuary  | Reached ** piety under the Shining One
  3481 | Ossuary  | Reached skill level 6 in Polearms
  3581 | Ossuary  | Reached *** piety under the Shining One
  4131 | D:4      | Found an ancient bone altar of Kikubaaqudgha.
  4187 | D:4      | Found Baifal's Antique Weapon Shoppe.
  4190 | D:4      | Bought a dazzling war axe for 229 gold pieces
  4489 | D:5      | Entered Level 5 of the Dungeon
  4529 | D:5      | Reached skill level 7 in Polearms
  4529 | D:5      | Reached XP level 9. HP: 68/68 MP: 10/10
  4676 | D:5      | Reached skill level 1 in Invocations
  4890 | D:5      | Reached **** piety under the Shining One
  5445 | D:6      | Noticed a cyclops
  5464 | D:6      | Killed a cyclops
  5464 | D:6      | Reached skill level 8 in Polearms
  5596 | D:6      | Identified the +2 war axe "Jairecw" {pain, SInv} (You
                  | bought it in a shop on level 4 of the Dungeon)
  5802 | D:6      | Reached XP level 10. HP: 77/77 MP: 12/12
  5812 | D:6      | Reached skill level 9 in Polearms
  6194 | D:7      | Found a blossoming altar of Fedhas.
  6285 | D:7      | Found a staircase to the Ecumenical Temple.
  6296 | Temple   | Entered the Ecumenical Temple
  6867 | D:7      | Found a sparkling altar of Nemelex Xobeh.
  6867 | D:7      | Found a hazy altar of Hepliaklqana.
  6868 | D:7      | Found a stormy altar of Qazlal.
  6908 | D:7      | Found Kyih's Antique Weapon Shoppe.
  6913 | D:7      | Bought a crystal great sword for 241 gold pieces
  7521 | D:8      | Reached skill level 10 in Polearms
  7616 | D:8      | Found Dahit's Armour Emporium.
  7726 | D:8      | Reached ***** piety under the Shining One
  7742 | D:8      | Found an ornate altar of the Wu Jian Council.
  7833 | D:8      | Noticed Maggie
  7842 | D:8      | Killed Maggie
  7943 | D:8      | Found Mofeifid's Book Emporium.
  8060 | D:8      | Identified the cursed +2 great sword "Biuseis" {pain, +Inv
                  | rC+ Stlth+} (You bought it in a shop on level 7 of the
                  | Dungeon)
  8200 | D:8      | Found Oxaopy's Antique Weapon Emporium.
  8263 | D:8      | Found Zajehe Istry's Gadget Shop.
  8623 | D:9      | Reached XP level 11. HP: 84/84 MP: 14/14
  9366 | D:9      | Reached skill level 11 in Polearms
  9567 | D:9      | Noticed a two-headed ogre
  9576 | D:9      | Killed a two-headed ogre
  9576 | D:9      | Reached skill level 5 in Armour
 10250 | D:9      | Found a staircase to the Orcish Mines.
 10297 | D:10     | Entered Level 10 of the Dungeon
 10308 | D:10     | Reached skill level 5 in Invocations
 11458 | D:11     | Found a white marble altar of Elyvilon.
 11479 | D:11     | Learned a level 4 spell: Petrify
 12114 | D:11     | Noticed a purple ugly thing
 12121 | D:11     | Killed a purple ugly thing
 12366 | D:11     | Found a staircase to the Lair.
 12452 | D:11     | Noticed a two-headed ogre
 12452 | D:11     | Reached ****** piety under the Shining One
 12637 | D:11     | Reached skill level 12 in Polearms
 13402 | D:12     | Reached XP level 12. HP: 85/94 MP: 16/16
 13643 | D:12     | Noticed Rupert
 13657 | D:12     | Killed Rupert
 13869 | D:12     | Noticed Frances
 13890 | D:12     | Killed Frances
 13890 | D:12     | Reached skill level 13 in Polearms
 13890 | D:12     | Reached skill level 1 in Spellcasting
 14236 | D:12     | Noticed an unseen horror
 14240 | D:12     | Killed an unseen horror
 14256 | D:12     | Noticed Kirke
 14262 | D:12     | Noticed a sphinx
 14288 | D:12     | Noticed a sphinx
 14289 | D:12     | Killed Kirke
 14425 | D:12     | Reached XP level 13. HP: 101/101 MP: 18/18
 14490 | Lair:1   | Entered Level 1 of the Lair of Beasts
 14675 | Lair:1   | Learned a level 3 spell: Call Canine Familiar
 15084 | Lair:1   | Reached skill level 1 in Earth Magic
 15861 | Lair:2   | Reached skill level 10 in Fighting
 16154 | Lair:2   | Learned a level 1 spell: Apportation
 16464 | Lair:2   | Identified a scroll of acquirement
 16465 | Lair:2   | Got the ring "Wuteij" {rF++ Str+6}
 16535 | Lair:3   | Reached skill level 14 in Polearms
 16555 | Lair:3   | Found a hole to the Spider Nest.
 16703 | Lair:3   | Got a pitted chain mail
 17308 | Lair:4   | Noticed a five-headed hydra
 17316 | Lair:4   | Killed a one-headed hydra
 17370 | Lair:4   | Found a frozen archway.
 17490 | IceCv    | Entered an ice cave
 18860 | IceCv    | Noticed an ice dragon
 18860 | IceCv    | Noticed an ice dragon
 18888 | IceCv    | Killed an ice dragon
 18894 | IceCv    | Killed an ice dragon
 19845 | Lair:4   | Reached XP level 14. HP: 90/111 MP: 19/19
 20070 | Lair:4   | Identified the +1 chain mail of Ekupluz {Int+3 Dex+4} (You
                  | found it on level 3 of the Lair of Beasts)
 20311 | Lair:4   | Found a staircase to the Shoals.
 20367 | Lair:5   | Reached skill level 15 in Polearms
 20483 | Lair:5   | You fall into a shaft and drop 1 floor!
 20483 | Lair:6   | Entered Level 6 of the Lair of Beasts
 20829 | Lair:5   | Found a dark tunnel.
 20838 | Volcano  | Entered a volcano
 22731 | Lair:5   | Found a staircase to the Slime Pits.
 23135 | Lair:6   | Noticed Snorg
 23158 | Lair:6   | Killed Snorg
 23158 | Lair:6   | Reached skill level 5 in Earth Magic
 23462 | Lair:6   | Reached XP level 15. HP: 102/120 MP: 22/22
 23546 | Lair:6   | Got a thick robe
 23710 | Lair:6   | Reached skill level 5 in Spellcasting
 24662 | Lair:6   | Slain by a dire elephant

Illustrated notes

Levels and vault maps discovered:
D:1:      psy_arrival_fountain, layout_loops_ring, grunt_decor_cap,
          grunt_decor_resistance, hex_large, tso_metal_star
D:2:      layout_basic, okawaru_gym_becter, grunt_temple_overflow_open,
          minmay_misc_feat_diagonals, minmay_diced_spiral
D:3:      layout_rooms, lemuel_doored_altar, portal_sewer_entry_e,
          lexackson_kobold_supper, uniq_terence, uniq_natasha, uniq_jessica,
          uniq_sigmund
D:4:      layout_loops_corners, kennysheep_mini, lemuel_round_altar,
          first_ration, serial_shops, nicolae_shop_crystal, enter_ossuary_1,
          minmay_fractal_squares_diagonal_5
D:5:      layout_layer_cave
D:6:      layout_basic, chequers_serial_rivers_micro_c
D:7:      layout_gridville, nicolae_overflow_crystal_walls,
          nicolae_overflow_hidden_temple, minmay_temple_entry_slanted,
          serial_shops, kennysheep_little_box
D:8:      layout_gridville, lemuel_crystal_altar, serial_shops,
          nicolae_shop_window_shopping, shop, shop, shop_fountains,
          hangedman_pestilent_swarm, uniq_maggie
D:9:      layout_roguey, erik_orc_2
D:10:     cheibrodos_steamvent, layout_long_grid
D:11:     layout_basic, lair_entry_dummy, elyvilon_altar_5
D:12:     layout_roguey, minmay_misc_feat_rows, kennysheep_opposing_triangles,
          uniq_kirke, uniq_frances, uniq_rupert
Temple:   dpeg_chambers_temple
Lair:1:   layout_gridlike, minivault_19
Lair:2:   layout_small_grid
Lair:3:   layout_roguey, dummy_spider_entry, lemuel_another_geyser
Lair:4:   layout_long_grid, minmay_shoals_entry_lonely_mermaid,
          portal_ice_cave_entry_imps, grunt_megastairs_3, serial_bayou_shore_a
Lair:5:   layout_loops_ring, dpeg_slime_entry_corner, enter_volcano_1,
          infiniplex_staircase_pool_2, grunt_megastairs_4,
          minmay_lair_oklob_chamber
Lair:6:   due_jungle_book, layout_cave_pods, serial_bayou_shore_b, uniq_snorg

Skill      XL: |  1  2  3  4  5  6  7  8  9 10 11 12 13 14 15 |
---------------+----------------------------------------------+-----
Shields        | 4 5 6 7 8 9 |  9.0
Polearms       | 1 3 5 7 8 10 12 13 14 15 | 15.9
Fighting       | 4 5 6 7 8 9 10 12 | 12.3
Armour         | 4 6 7 8 9 |  9.2
Dodging        | 1 2 3 |  3.7
Evocations     | 1 2 3 4 |  4.6
Invocations    | 2 4 5 6 7 9 |  9.1
Spellcasting   | 2 3 4 5 |  5.1
Earth Magic    | 3 5 |  5.5
Axes           | |  2.7
Throwing       | |  0.3
Stealth        | |  0.5

Action                   |  1- 3 |  4- 6 |  7- 9 | 10-12 | 13-15 || total
-------------------------+-------+-------+-------+-------+-------++-------
Melee: War axe           |    72 |       |       |       |    56 ||   128
       Halberd           |     4 |   112 |   242 |   529 |   619 ||  1506
Throw: Dart              |       |       |       |    33 |    17 ||    50
Invok: Summon Divine War |       |       |       |       |     4 ||     4
       Cleansing Flame   |       |       |       |       |     3 ||     3
       Divine Shield     |       |       |       |       |     1 ||     1
 Abil: Dig               |       |       |       |       |    23 ||    23
Evoke: Lightning rod     |       |       |       |     1 |     7 ||     8
  Use: Potion            |       |     2 |     2 |     2 |    15 ||    21
       Scroll            |       |     2 |    14 |    10 |    12 ||    38
  Eat: Chunk             |     1 |     4 |     8 |    16 |    14 ||    43
       Ration            |       |       |     1 |     4 |     7 ||    12
Armor: Scale mail        |    31 |    27 |    48 |    62 |       ||   168
       Skin              |       |       |     6 |     3 |       ||     9
       Swamp dragon scal |       |       |       |       |   105 ||   105
       Leather armour    |       |       |       |       |     6 ||     6
Dodge: Dodged            |    26 |    27 |    49 |   120 |   177 ||   399
Block: Kite shield       |    44 |    37 |    81 |   219 |   324 ||   705
